Map: [ESL] Hecate

Players

Maru - Winner!

  • Race: Terran Terran
  • Spawn Location: 7:00

herO

  • Race: Protoss Protoss
  • Spawn Location: 1:00

Event: IEM Katowice 2024

VOD

Have the link to the VOD?

Description

Time

  • Played on: Feb. 9, 2024, 11:27 a.m.
  • Length: 10:06

All games in this series

Show
View Real Time Build Order
Export as new Build Order

Maru Terran - Winner!

Build Orders: Cyclone Opening, Reaper Expand 

Get SALT Encoding   

  12  0:00  SCV  
  13  0:12  SCV  
  14  0:17  Supply Depot  
  14  0:24  SCV  
  15  0:38  SCV  
  15  0:41  Barracks  
  16  0:45  Refinery  
  16  0:50  SCV  
  17  1:03  SCV  
  18  1:15  SCV  
  19  1:28  Orbital Command  
  19  1:29  Reaper  
  20  1:42  Command Center  
  20  1:54  SCV  
  20  1:56  Supply Depot  
  20  2:00  Marine  
  22  2:08  SCV  
  22  2:09  Factory  
  23  2:17  Refinery  
  23  2:19  Marine  
  23  2:20  SCV  
  25  2:24  Bunker  
  25  2:32  SCV  
  26  2:38  Marine  
  27  2:45  SCV  
  28  2:56  Cyclone  
  28  2:57  SCV  
  29  3:03  Barracks Reactor  
  29  3:04  Orbital Command  
  29  3:09  SCV  
  30  3:12  Starport  
  29  3:21  SCV  
  30  3:30  SCV  
  30  3:31  Widow Mine  
  30  3:33  SCV  
  34  3:39  Barracks, Marine x2  
  36  3:43  SCV  
  36  3:44  Supply Depot  
  36  3:45  SCV  
  37  3:53  Starport Tech Lab  
  37  3:55  SCV  
  38  3:57  SCV  
  38  3:58  Marine x2  
  38  3:59  Factory Tech Lab  
  41  4:07  SCV  
  41  4:09  SCV  
  43  4:12  Engineering Bay  
  43  4:13  Raven  
  45  4:18  Siege Tank  
  45  4:19  SCV  
  45  4:21  SCV, Supply Depot  
  50  4:24  Marine x2  
  50  4:26  Marine  
  50  4:31  Barracks  
  53  4:32  SCV  
  54  4:39  Terran Infantry Weapons Level 1  
  54  4:40  Refinery  
  54  4:43  Supply Depot, SCV  
  54  4:45  SCV  
  56  4:52  Siege Tank  
  59  4:55  SCV  
  59  4:58  Marine x2  
  59  4:59  Supply Depot  
  62  5:02  Supply Depot  
  62  5:05  SCV, Marine  
  64  5:14  SCV  
  64  5:15  Marine x2, Refinery  
  64  5:17  SCV  
  64  5:19  Marine  
  69  5:24  Medivac  
  69  5:26  Siege Tank  
  75  5:31  Barracks Tech Lab  
  75  5:33  Marine  
  75  5:34  Marine  
  76  5:37  Marine  
  76  5:39  SCV  
  78  5:48  SCV  
  76  5:51  SCV, Marine x2  
  76  5:52  Bunker, Stimpack, Marine  
  76  5:56  Starport Reactor  
  79  5:57  Marine  
  79  5:58  Factory Tech Lab  
  79  6:00  SCV  
  79  6:04  SCV  
  82  6:05  Supply Depot  
  82  6:09  Marine x2  
  82  6:10  Marine  
  75  6:12  SCV  
  75  6:15  Marine  
  75  6:16  SCV  
  73  6:24  SCV  
  73  6:26  Siege Tank  
  73  6:27  Marine  
  73  6:28  SCV  
  73  6:29  Bunker  
  78  6:33  Marine x2  
  78  6:34  Medivac  
  78  6:36  SCV  
  78  6:39  Medivac  
  85  6:40  SCV  
  85  6:44  Marine x2  
  87  6:50  Supply Depot  
  87  6:51  Supply Depot  
  87  6:55  SCV x2  
  87  6:56  Marauder  
  87  6:57  Marine  
  92  7:02  Marine  
  92  7:07  Factory Reactor, SCV x2  
  91  7:15  Marine, Marauder  
  89  7:18  Marauder  
  89  7:19  SCV x2  
  89  7:21  Supply Depot  
  92  7:24  Marine  
  92  7:29  Medivac x2  
  94  7:31  SCV  
  94  7:33  Marine  
  94  7:36  Marauder  
  98  7:39  Marauder  
  98  7:42  Marine  
  101  7:45  Widow Mine x2  
  101  7:51  Marine  
  104  7:54  SCV  
  104  7:57  Marine  
  106  8:00  Marine  
  107  8:08  Marine  
  103  8:15  Supply Depot, Marine x2  
  103  8:18  Marine  
  106  8:26  Marine  
  97  8:32  SCV x2  
  93  8:35  Marine x3  
  90  8:44  Medivac, Marine  
  90  8:45  Medivac  
  92  8:51  Widow Mine x2  
  92  8:53  Marine x3  
  96  9:02  Marine  
  81  9:11  Marine x3  
  81  9:14  Medivac  
  81  9:15  Medivac  
  82  9:18  Widow Mine x2  
  82  9:20  Marine  
  82  9:22  SCV  
  82  9:23  SCV  
  87  9:29  Marine  
  86  9:36  Barracks Tech Lab x2  
  86  9:37  Marine, SCV x2  
  86  9:42  Command Center  
  86  9:47  Marine  
  86  9:49  SCV x2  
Show
View Real Time Build Order
Export as new Build Order

herO Protoss 

Build Orders: 1 Gate Expand, Blink Stalkers 

Get SALT Encoding   

  12  0:00  Probe  
  13  0:12  Probe  
  14  0:18  Pylon  
  14  0:24  Probe  
  15  0:37  Probe (Chrono Boost)  
  15  0:38  Gateway  
  16  0:45  Assimilator  
  16  0:49  Probe (Chrono Boost)  
  17  0:56  Probe (Chrono Boost)  
  18  1:03  Probe  
  20  1:25  Cybernetics Core  
  20  1:26  Zealot  
  21  1:38  Nexus  
  21  1:45  Pylon  
  21  1:48  Probe  
  22  1:54  Assimilator  
  22  2:00  Adept (Chrono Boost)  
  22  2:03  Warp Gate  
  22  2:05  Probe  
  24  2:17  Probe  
  24  2:20  Adept (Chrono Boost)  
  28  2:30  Probe  
  28  2:42  Adept, Probe  
  29  2:57  Probe (Chrono Boost)  
  28  2:59  Probe (Chrono Boost)  
  28  3:00  Twilight Council  
  29  3:08  Probe (Chrono Boost)  
  29  3:10  Probe (Chrono Boost)  
  31  3:13  Probe (Chrono Boost)  
  31  3:15  Gateway  
  31  3:18  Probe  
  33  3:25  Probe  
  34  3:30  Probe  
  34  3:32  Robotics Facility  
  35  3:38  Gateway, Blink (Chrono Boost)  
  35  3:40  Probe  
  36  3:42  Probe  
  36  3:43  Gateway  
  37  3:54  Probe  
  37  3:55  Probe  
  37  3:56  Stalker  
  39  4:06  Probe, Pylon  
  39  4:07  Probe  
  39  4:08  Stalker  
  43  4:18  Warp Prism (Chrono Boost)  
  43  4:19  Probe  
  43  4:20  Pylon  
  46  4:26  Stalker  
  46  4:31  Pylon  
  49  4:35  Stalker  
  50  4:38  Stalker  
  50  4:42  Assimilator  
  50  4:43  Probe  
  50  4:44  Probe  
  54  4:55  Probe  
  54  4:56  Probe  
  56  5:06  Zealot, Stalker x3  
  64  5:08  Probe x2  
  64  5:13  Pylon  
  66  5:32  Stalker x3  
  66  5:34  Stalker  
  74  5:38  Pylon  
  74  5:48  Probe x2  
  68  5:52  Shield Battery  
  65  5:57  Stalker x4  
  65  6:00  Probe x2  
  66  6:14  Probe x2  
  68  6:22  Stalker x4  
  76  6:35  Nexus  
  76  6:44  Charge (Chrono Boost)  
  76  6:45  Probe x2  
  78  6:50  Stalker  
  78  6:51  Stalker  
  82  6:55  Pylon  
  82  6:57  Probe  
  82  6:58  Probe  
  76  7:08  Stalker x2  
  76  7:11  Probe  
  76  7:13  Probe  
  76  7:22  Shield Battery  
  74  7:24  Gateway  
  74  7:26  Gateway, Probe  
  74  7:27  Probe  
  74  7:28  Sentry x2  
  80  7:33  Gateway  
  80  7:39  Gateway  
  80  7:42  Immortal (Chrono Boost)  
  83  7:59  Stalker  
  83  8:00  Stalker  
  83  8:01  Stalker x2  
  82  8:25  Stalker x2  
  76  8:27  Stalker x2  
  76  8:30  Probe x2  
  74  8:36  Zealot x2  
  74  8:37  Immortal (Chrono Boost)  
  62  8:54  Zealot x4  
  61  8:56  Zealot  
  61  8:57  Zealot  
  29  9:20  Stalker  
  29  9:21  Stalker  
  29  9:22  Stalker  
  29  9:23  Stalker  
  29  9:39  Stalker  
  31  9:48  Sentry  
  31  9:49  Sentry, Zealot  

Tags
 
Add a new tag
Caveats
  • Supply blocks, unpowered buildings, or Contaminate may cause inaccurate times.
  • Supply counts are checked every 10 seconds.